 Dungeon Crawl Stone Soup version 0.29.1-2-gbd0b4ee654 (webtiles) character file.

Game seed: 5807231596892991031

43310 LittleSeven the Impaler (level 14, 0/120 HPs)
             Began as a Formicid Fighter on Nov 12, 2022.
             Was the Champion of Okawaru.
             Shot with an arrow by a centaur warrior (15 damage)
             ... on level 13 of the Dungeon.
             The game lasted 01:19:21 (21530 turns).

LittleSeven the Impaler (Formicid Fighter)         Turns: 21530, Time: 01:19:22

Health: 0/120      AC:  7    Str: 20    XL:     14   Next: 59%
Magic:  14/14      EV: 15    Int: 10    God:    Okawaru [******]
Gold:   947        SH:  5    Dex: 17    Spells: 13/13 levels left

rFire   + . .      SeeInvis +   B - +4 halberd (freeze)
rCold   + + .      Faith    .   c - +0 buckler
rNeg    . . .      Spirit   .   z - +1 leather armour "Uxzitty" {rElec rPois rC++}
rPois   +          Reflect  .   (helmet unavailable)
rElec   +          Harm     .   b - +0 cloak
rCorr   .          Rampage  .   u - +0 pair of gloves
Will    +....                   (no boots)
Stlth   +++.......              (no amulet)
HPRegen 0.30/turn               j - +4 ring of slaying
MPRegen 0.14/turn               a - ring of protection from fire

@: no status effects
A: permanent stasis, dig shafts and tunnels, antennae 3, four strong arms
a: Dig, Shaft Self, Renounce Religion, Heroism, Finesse, Duel


You were on level 13 of the Dungeon.
You worshipped Okawaru.
Okawaru was exalted by your worship.
You visited 2 branches of the dungeon, and saw 15 of its levels.

You collected 966 gold pieces.
You spent 19 gold pieces at shops.

Inventory:

Hand Weapons
 B - a +4 halberd of freezing (weapon)
 E - a +1 halberd of flaming
 H - a +1 vorpal glaive
Missiles
 d - a silver javelin
 l - 2 throwing nets
 p - 2 atropa-tipped darts
 G - 2 curare-tipped darts
Armour
 b - a +0 cloak (worn)
 c - a +0 buckler (worn)
 u - a +0 pair of gloves (worn)
 x - a +3 leather armour of poison resistance
 z - the +1 leather armour "Uxzitty" (worn) {rElec rPois rC++}
   (You found it on level 7 of the Dungeon)

   rC:        It greatly protects you from cold.
   rElec:     It insulates you from electricity.
   rPois:     It protects you from poison.
Jewellery
 a - a ring of protection from fire (right hand)
 j - a +4 ring of slaying (left hand)
 m - a ring of protection from cold
 t - the ring of Pum Nyt {Fly MP+9 Dex+4}
   (You acquired it on level 5 of the Dungeon)

   [ring of flight]

   Dex:       It affects your dexterity (+4).
   MP:        It affects your magic capacity (+9).
   Fly:       It grants you flight.
 J - the ring of Zunusoecu {rPois rN+ Will+ rCorr}
   (You found it on level 12 of the Dungeon)

   [ring of positive energy]

   rPois:     It protects you from poison.
   rN:        It protects you from negative energy.
   rCorr:     It protects you from acid and corrosion.
   Will:      It increases your willpower.
Wands
 i - a wand of digging (5)
 q - a wand of light (2)
 C - a wand of paralysis (11)
 D - a wand of flame (5)
 M - a wand of iceblast (2)
Scrolls
 e - 2 scrolls of fear
 h - a scroll of identify
 k - 4 scrolls of poison
 n - a scroll of enchant armour
 o - 2 scrolls of brand weapon
 v - 4 scrolls of immolation
 A - a scroll of amnesia
 F - 2 scrolls of silence
 L - a scroll of fog
 O - a scroll of acquirement
Potions
 f - 2 potions of flight
 g - 9 potions of curing
 r - 2 potions of resistance
 s - 5 potions of brilliance
 w - a potion of invisibility
 I - 3 potions of cancellation
Miscellaneous
 y - a tin of tremorstones (2/2)
 K - a lightning rod (4/4)


   Skills:
 - Level 14.1 Fighting
 + Level 18.1 Polearms
 - Level 6.0 Armour
 - Level 6.8 Dodging
 - Level 6.8 Stealth
 - Level 4.0 Shields


You had 13 spell levels left.
You didn't know any spells.
Your spell library contained the following spells:

 Spells                   Type           Power      Damage    Failure   Level
 Foxfire                  Conj/Fire      0%         2x1d4     47%         1
 Magic Dart               Conj           0%         1d3       47%         1
 Sting                    Tmut/Pois      0%         1d3       47%         1
 Poisonous Vapours        Pois/Air       0%         N/A       63%         2
 Searing Ray              Conj           0%         2d4       63%         2
 Confusing Touch          Hex            0%         N/A       85%         3
 Conjure Flame            Conj/Fire      0%         6-21      85%         3
 Inner Flame              Hex/Fire       0%         N/A       85%         3
 Portal Projectile        Hex/Tloc       0%         N/A       85%         3
 Cause Fear               Hex            0%         N/A       99%         4
 Flame Wave               Conj/Fire      0%         2d4       99%         4
 Fulminant Prism          Conj/Hex       0%         3d6       99%         4
 Leda's Liquefaction      Hex/Erth       0%         N/A       99%         4
 Olgreb's Toxic Radiance  Pois           0%         N/A       99%         4
 Yara's Violent Unravell  Hex/Tmut       0%         3d3       100%        5
 Enfeeble                 Hex            0%         N/A       100%        7
 Discord                  Hex            0%         N/A       100%        8
 Call Canine Familiar     Summ           Unusable   N/A       N/A         3

Dungeon Overview and Level Annotations

Branches:
Dungeon (14/15)            Temple (1/1) D:5            Lair (0/5) D:11
    Orc (0/2) D:12         Vaults (0/5) D:13

Altars:
Ashenzari
Cheibriados
Dithmenos
Elyvilon
Fedhas
Gozag
Hepliaklqana
Kikubaaqudgha
Makhleb
Nemelex Xobeh
Okawaru
Qazlal
Ru
Sif Muna
Trog
Uskayaw
Vehumet
Wu Jian
Xom
Yredelemnul
Zin
The Shining One

Shops:
D:5 *   D:8 =

Annotations:
D:6 2 runed translucent doors


Innate Abilities, Weirdness & Mutations

You cannot be hasted, slowed, berserked, paralysed or teleported.
You can dig through walls and to a lower floor.
You have a pair of large antennae on your head. (SInv)
Your four strong arms can wield two-handed weapons with a shield.


Message History

A centaur warrior comes into view.
The centaur warrior wields a +0 longbow.
The centaur warrior shoots an arrow.
The arrow hits you!
The centaur warrior shoots an arrow.
The arrow hits you!!
Things that are here:
a +0 troll leather armour; a troll corpse The centaur warrior shoots an arrow.
The arrow hits you!
A centaur warrior comes into view.
The centaur warrior shoots an arrow.
The arrow misses you.
You barely miss the centaur warrior.
A centaur warrior comes into view.
The centaur warrior wields a +0 shortbow.
The centaur warrior shoots an arrow.
The arrow hits you!!
You puncture the centaur warrior! You freeze the centaur warrior.
The centaur warrior is moderately wounded.
The centaur warrior unwields a +0 longbow.
The centaur warrior misses you. The centaur warrior barely misses you.
The centaur warrior shoots an arrow.
The arrow hits you!
* * * LOW HITPOINT WARNING * * *
You slash the centaur warrior! You freeze the centaur warrior!
The centaur warrior is severely wounded.
The centaur warrior barely misses you.
The centaur warrior kicks you but does no damage.
The centaur warrior shoots an arrow.
The arrow hits you but does no damage.
Are you sure you want to shaft yourself?
The centaur warrior hits you but does no damage.
The centaur warrior kicks you.
* * * LOW HITPOINT WARNING * * *
The centaur warrior shoots an arrow.
The arrow hits you!
* * * LOW HITPOINT WARNING * * *
You hear an angry hiss.
You begin to dig a shaft.
You continue digging a shaft.
You block the centaur warrior's attack.
The centaur warrior kicks you but does no damage.
The centaur warrior shoots an arrow.
The arrow misses you. The centaur warrior hits you.
* * * LOW HITPOINT WARNING * * *
The centaur warrior kicks you but does no damage.
The centaur warrior shoots an arrow.
The arrow hits you!
You die...

.....#.....#####.....#######.####
.##.###...## { ##...## #.....
<##...##?# ##.## #####...##
.#####.#. { #.# #.........
.......# # #.# #.###.....
######## #. #.#####.##...... #
#{{ ##[##....##.##.#. #
#.{{##...##...##.##.#. # ###
...##{##@....#...##.##.## ## #.#
.....cc.c....######.##.## .###.#{
...#####.....# #.##.## #.##.##
##...## #...... ##....# ###
###### ##.#!## #.##..# #.# #...#
#.#.## .###..###.# #...# #.....
..!.......### ##.## ##.#...
.#####.<....# #.# #####......


You could see 3 centaur warriors.

Vanquished Creatures
  Gastronok (D:9)
  2 boulder beetles
  Erica (D:9)
  5 hydras
  2 vault guards (D:13)
  A centaur warrior (D:13)
  2 two-headed ogres
  2 soul eaters (D:10)
  A sun demon (D:10)
  9 skeletal warriors
  3 sixfirhies (D:10)
  A wizard (D:13)
  Pikel (D:6)
  2 deep elf pyromancers (D:13)
  3 necromancers (D:13)
  3 ugly things (D:13)
  4 cyclopes
  A salamander (shapeshifter) (D:13)
  2 gargoyles
  2 unseen horrors
  Maggie (D:8)
  An unseen horror (shapeshifter) (D:13)
  3 orange demons (D:10)
  2 komodo dragons
  A kobold demonologist (D:11)
  2 ice devils (D:10)
  2 hellwings (D:10)
  5 trolls
  A merfolk (D:10)
  3 slime creatures (D:13)
  2 wyverns
  19 yaks
  Eustachio (D:5)
  A ynoxinul (D:10)
  A wraith (D:12)
  19 humans (D:13)
  8 vampire mosquitoes (D:13)
  2 redbacks (D:6)
  Edmund (D:4)
  A chaos spawn (D:10)
  Menkaure (D:6)
  3 acid dragons
  5 water moccasins
  6 orc warriors
  A sky beast (D:6)
  6 black bears
  4 centaurs
  4 lemures (D:6)
  2 phantoms
  5 kobold brigands
  Blork the orc (D:4)
  2 bullfrogs
  2 necrophages
  11 scorpions
  18 wights
  11 killer bees
  4 howler monkeys
  A lava snake (D:8)
  3 quasits (D:10)
  4 hounds
  5 jellies
  Crazy Yiuf (D:4)
  8 orc priests
  An iguana (D:5)
  13 orc wizards
  Robin (D:3)
  10 adders
  2 shadow imps
  A white imp (D:6)
  6 worms
  A dart slug (D:1)
  43 orcs
  5 ball pythons
  8 bats
  4 endoplasms
  2 giant cockroaches (D:1)
  16 goblins
  7 hobgoblins
  4 jackals (D:1)
  16 kobolds
  3 quokkas
  4 frilled lizards
  6 rats
385 creatures vanquished.

Vanquished Creatures (others)
  2 water elementals (D:14)
  An electric eel (D:14)
  14 demonic plants (D:10)
  39 fungi (D:11)
  43 plants (D:11)
99 creatures vanquished.

Grand Total: 484 creatures vanquished

Notes
Turn   | Place    | Note
-------+----------+-------------------------------------------
     0 | D:1      | LittleSeven the Formicid Fighter began the quest for the
                  | Orb.
     0 | D:1      | Reached XP level 1. HP: 18/18 MP: 1/1
    43 | D:1      | Reached XP level 2. HP: 24/24 MP: 2/2
   332 | D:1      | Reached skill level 3 in Polearms
   641 | D:1      | Reached XP level 3. HP: 29/29 MP: 3/3
  1256 | D:2      | Identified the +2 helmet "Fyla" {rC+}
  1522 | D:2      | Reached skill level 4 in Polearms
  1522 | D:2      | Reached XP level 4. HP: 31/35 MP: 4/4
  1583 | D:2      | Found a faded altar of an unknown god.
  1663 | D:2      | Identified the +2 leather armour of Perfidy {*Corrode rPois
                  | Will+ Str+5}
  2387 | D:3      | Found a broken altar of Ashenzari.
  2434 | D:3      | Found a burning altar of Makhleb.
  2573 | D:3      | Reached XP level 5. HP: 41/41 MP: 5/5
  2792 | D:3      | Noticed Robin
  2820 | D:3      | Reached skill level 5 in Polearms
  2849 | D:3      | Killed Robin
  3212 | D:4      | Reached XP level 6. HP: 44/47 MP: 6/6
  3375 | D:4      | Noticed Edmund
  3391 | D:4      | Found a runed translucent door.
  3392 | D:4      | Noticed Crazy Yiuf
  3397 | D:4      | Killed Crazy Yiuf
  3398 | D:4      | Reached skill level 6 in Polearms
  3606 | D:4      | Killed Edmund
  3607 | D:4      | Reached skill level 7 in Polearms
  3607 | D:4      | Reached XP level 7. HP: 32/52 MP: 7/7
  3799 | D:4      | Noticed Blork the orc
  3807 | D:4      | Killed Blork the orc
  4408 | D:4      | Reached skill level 8 in Polearms
  4562 | D:4      | Found a glowing silver altar of Zin.
  4646 | D:5      | Entered Level 5 of the Dungeon
  4896 | D:5      | Found a staircase to the Ecumenical Temple.
  4908 | Temple   | Entered the Ecumenical Temple
  4966 | Temple   | Became a worshipper of Warmaster Okawaru
  4994 | D:5      | Reached XP level 8. HP: 58/58 MP: 8/8
  5090 | D:5      | Noticed Eustachio
  5125 | D:5      | Killed Eustachio
  5126 | D:5      | Reached skill level 9 in Polearms
  5410 | D:5      | Found Kukig's Assorted Antiques.
  5417 | D:5      | Bought a scroll labelled TEOSEI RALOINWA for 19 gold pieces
  5420 | D:5      | Acquired the ring of Pum Nyt {Fly MP+9 Dex+4}
  5580 | D:5      | Found a blossoming altar of Fedhas.
  5581 | D:5      | Found a basalt altar of Yredelemnul.
  5602 | D:5      | Reached * piety under Okawaru
  5752 | D:5      | Found a shimmering blue altar of Sif Muna.
  6019 | D:5      | Reached skill level 10 in Polearms
  6329 | D:6      | Found the +9 staff of Olgreb {rPois∞}
  6337 | D:6      | Noticed a yak
  6356 | D:6      | Found a runed translucent gate.
  6356 | D:6      | Found a runed translucent gate.
  6357 | D:6      | Found a runed translucent door.
  6367 | D:6      | Found a runed translucent gate.
  6391 | D:6      | Noticed Menkaure
  6401 | D:6      | Killed Menkaure
  6401 | D:6      | Reached ** piety under Okawaru
  6402 | D:6      | Reached skill level 5 in Fighting
  6402 | D:6      | Reached XP level 9. HP: 50/68 MP: 9/9
  6657 | D:6      | Reached *** piety under Okawaru
  6983 | D:6      | Reached skill level 11 in Polearms
  7359 | D:7      | Reached XP level 10. HP: 80/80 MP: 10/10
  7643 | D:7      | Identified the +1 leather armour "Uxzitty" {rElec rPois
                  | rC++}
  7719 | D:6      | Noticed Pikel
  7892 | D:6      | Killed Pikel
  7892 | D:6      | Reached **** piety under Okawaru
  7893 | D:6      | Reached skill level 12 in Polearms
  8189 | D:6      | Found a runed translucent door.
  8263 | D:6      | Reached skill level 13 in Polearms
  9987 | D:8      | Noticed Maggie
  9997 | D:8      | Killed Maggie
  9998 | D:8      | Reached skill level 14 in Polearms
 10133 | D:8      | Found Radyj's Jewellery Emporium.
 10313 | D:8      | Reached XP level 11. HP: 86/86 MP: 11/11
 10318 | D:8      | Reached ***** piety under Okawaru
 10686 | D:8      | Reached skill level 15 in Polearms
 11056 | D:9      | Noticed Erica
 11074 | D:9      | Killed Erica
 11074 | D:9      | Received a gift from Okawaru
 11354 | D:9      | Noticed Gastronok
 11421 | D:9      | Killed Gastronok
 11861 | D:9      | Noticed a two-headed ogre
 11866 | D:9      | Killed a two-headed ogre
 11867 | D:9      | Reached skill level 16 in Polearms
 12417 | D:10     | Entered Level 10 of the Dungeon
 12423 | D:10     | Noticed a sixfirhy
 12433 | D:10     | Killed a sixfirhy
 12434 | D:10     | Reached XP level 12. HP: 75/96 MP: 12/12
 12514 | D:10     | Noticed a soul eater
 12527 | D:10     | Killed a soul eater
 12528 | D:10     | Reached skill level 10 in Fighting
 12681 | D:10     | Noticed a sixfirhy
 12696 | D:10     | Killed a sixfirhy
 12999 | D:10     | Noticed a sun demon
 13006 | D:10     | Noticed a soul eater
 13009 | D:10     | Killed a sun demon
 13009 | D:10     | Received a gift from Okawaru
 13017 | D:10     | Killed a soul eater
 13191 | D:10     | Found a hide-covered altar of Uskayaw.
 13913 | D:10     | Noticed a sixfirhy
 13922 | D:10     | Killed a sixfirhy
 14123 | D:10     | Received a gift from Okawaru
 14319 | D:10     | Found a snail-covered altar of Cheibriados.
 14529 | D:10     | Noticed a two-headed ogre
 14538 | D:10     | Killed a two-headed ogre
 14824 | D:10     | Received a gift from Okawaru
 14981 | D:11     | Noticed a four-headed hydra
 14989 | D:11     | Killed a one-headed hydra
 15146 | D:11     | Reached ****** piety under Okawaru
 15159 | D:11     | Noticed a boulder beetle
 15176 | D:11     | Killed a boulder beetle
 15177 | D:11     | Reached XP level 13. HP: 75/113 MP: 13/13
 15352 | D:11     | Found a staircase to the Lair.
 15618 | D:11     | Noticed a five-headed hydra
 15628 | D:11     | Killed a one-headed hydra
 15629 | D:11     | Reached skill level 5 in Armour
 16000 | D:11     | Reached skill level 1 in Dodging
 16700 | D:12     | Reached skill level 1 in Stealth
 16710 | D:12     | Identified the ring of Zunusoecu {rPois rN+ Will+ rCorr}
 16835 | D:12     | Identified the +1 ring mail "Juetoar" {Contam Will++ rCorr}
                  | (Okawaru gifted it to you on level 12 of the Dungeon)
 16835 | D:12     | Received a gift from Okawaru
 16896 | D:12     | Noticed an eight-headed hydra
 16906 | D:12     | Killed a five-headed hydra
 16907 | D:12     | Reached skill level 5 in Stealth
 17067 | D:12     | Found a glowing golden altar of the Shining One.
 17129 | D:12     | Noticed an eight-headed hydra
 17136 | D:12     | Killed a five-headed hydra
 17184 | D:12     | You fall into a shaft and drop 2 floors!
 17718 | D:13     | Found a hide-covered altar of Uskayaw.
 17763 | D:13     | Noticed an eight-headed hydra
 17774 | D:13     | Killed a five-headed hydra
 18252 | D:12     | Found a staircase to the Orcish Mines.
 18408 | D:12     | Reached skill level 5 in Dodging
 19273 | D:13     | Noticed a centaur warrior
 19285 | D:13     | Killed a centaur warrior
 19525 | D:13     | Reached XP level 14. HP: 116/120 MP: 14/14
 19655 | D:13     | You fall into a shaft and drop 1 floor!
 20253 | D:13     | You fall into a shaft and drop 1 floor!
 20760 | D:13     | Reached skill level 17 in Polearms
 20785 | D:13     | Identified the +1 buckler of the Red Skies {Harm Fly rF+}
                  | (Okawaru gifted it to you on level 13 of the Dungeon)
 20785 | D:13     | Received a gift from Okawaru
 21029 | D:13     | Found a gate to the Vaults.
 21451 | D:13     | Reached skill level 18 in Polearms
 21530 | D:13     | Shot with an arrow by a centaur warrior

Illustrated notes

Levels and vault maps discovered:
D:1:      lightli_arrival_lavapool, layout_loops_corners
D:2:      layout_loops_ring, chequers_ecumenical_altar_island
D:3:      layout_loops_ring, nicolae_ashenzari_skybound, bloody_makhleb,
          nrook_uturn, chequers_arboretum, uniq_robin
D:4:      layout_layer_cave, kennysheep_mini_moat, kennysheep_path_1,
          uniq_blork_the_orc, uniq_edmund, uniq_crazy_yiuf_cottage
D:5:      layout_basic, led_sif_pool, gammafunk_temple_overflow_statue,
          temple_fountains, serial_shops, shop, kennysheep_generic_room_9,
          uniq_eustachio
D:6:      layout_rooms, minivault_22, nrook_campfire,
          minmay_guarded_unrand_staff_of_olgreb, uniq_menkaure, uniq_pikel
D:7:      layout_basic
D:8:      layout_rooms, serial_shops, nicolae_take_the_stairs,
          kennysheep_opposing_triangles, uniq_maggie
D:9:      layout_small_grid, uniq_erica, uniq_gastronok
D:10:     layout_basic, mainiacjoe_overflow_alcove_1,
          mainiacjoe_overflow_concentric_impassable, serial_demonic,
          serial_demonic_c, serial_demonic_a, serial_demonic_f,
          serial_demonic_a, serial_demonic_g, serial_demonic_f,
          serial_demonic_c, serial_demonic_e, serial_demonic_g,
          serial_demonic_a, minmay_misc_feat_x, hangedman_fish_farm
D:11:     layout_irregular_city, due_lair_maze_entry_diamond
D:12:     layout_roguey, orc_0_dummy, minivault_21, tso_oasis_becter
D:13:     minmay_octagon_keep, layout_loops_cross, grunt_vaults_entry_tiered,
          nicolae_uskayaw_murder_on_the_dancefloor
D:14:     layout_basic, grunt_decor_arrowhead
Temple:   compressed_dpeg_circular_temple

Skill      XL: |  1  2  3  4  5  6  7  8  9 10 11 12 13 14 |
---------------+-------------------------------------------+-----
Polearms       | 3 4 5 7 8 10 11 14 16 18 | 18.1
Fighting       | 5 8 9 14 | 14.1
Armour         | 6 |  6.0
Dodging        | 6 |  6.8
Stealth        | 6 |  6.8
Shields        | |  4.0

Action                   |  1- 3 |  4- 6 |  7- 9 | 10-12 | 13-15 || total
-------------------------+-------+-------+-------+-------+-------++-------
Melee: Trident           |    97 |   146 |   226 |   148 |       ||   617
       Halberd           |       |       |       |   347 |   383 ||   730
       Glaive            |       |       |       |       |    12 ||    12
 Abil: Dig               |       |       |     1 |     1 |     1 ||     3
       Shaft Self        |       |       |       |       |     4 ||     4
Evoke: Wand              |       |       |       |    10 |    10 ||    20
  Use: Scroll            |     7 |     4 |    10 |     4 |     2 ||    27
       Potion            |       |     1 |     4 |     3 |     2 ||    10
 Stab: Sleeping          |       |       |     2 |     1 |     2 ||     5
       Invisible         |       |       |     4 |    18 |     6 ||    28
       Distracted        |       |       |       |       |     2 ||     2
Armor: Scale mail        |    27 |     8 |       |       |       ||    35
       Leather armour    |       |    19 |    22 |    25 |    28 ||    94
       Chain mail        |       |       |    14 |       |       ||    14
Dodge: Dodged            |    30 |    43 |    53 |   127 |    95 ||   348
Block: Buckler           |    12 |    14 |    44 |    54 |    34 ||   158
